| TOP OF THE 1ST |
|
Missoula Osprey batting - Pitching for Kingsport Mets : RHP John Mason
|
|
Pitching: RHP John Mason
|
|
|
Batting: SHB Roger Holmes
|
0-0: Called Strike 0-1: Ball 1-1: Fly out, F8 (Flyball, 8LD, EV 101.2 MPH)
|
|
Batting: RHB Ernesto Zamora
|
0-0: Foul Ball, location: 2F 0-1: Foul Ball, location: 2F 0-2: Ball 1-2: Ball 2-2: Ball 3-2: Strikes out looking
|
|
Batting: SHB Evan Armagost
|
0-0: Ball 1-0: Ball 2-0: Foul Ball, location: 2F 2-1: Foul Ball, location: 2F 2-2: Foul Ball, location: 2F 2-2: Ball 3-2: Fly out, F4 (Popup, 4, EV 68.1 MPH)
|
| Top of the 1st over - 0 runs, 0 hits, 0 errors, 0 left on base; Missoula 0 - Kingsport 0 |
| BOTTOM OF THE 1ST |
|
Kingsport Mets batting - Pitching for Missoula Osprey : RHP Dan Thompson
|
|
Pitching: RHP Dan Thompson
|
|
|
Batting: RHB Josh Jones
|
0-0: Reached on error, E5 (Groundball, 56, EV 84.4 MPH)
|
|
Batting: SHB Callum Lynch
|
0-0: Ball 1-0: Ball 2-0: Foul Ball, location: 2F 2-1: Foul Ball, location: 2F 2-2: Ball 3-2: DOUBLE (Flyball, 8LXD, EV 106.9 MPH) Josh Jones scores
|
|
Batting: SHB Jason Evans
|
0-0: Ground out 1-3 (Groundball, 13S, EV 73.8 MPH) Callum Lynch to third
|
|
Batting: RHB Coltin Nellis
|
0-0: Ball 1-0: SINGLE (Flyball, 8LS, EV 95.6 MPH) Callum Lynch scores
|
|
Batting: RHB Jerry Burch
|
0-0: Ball 1-0: Foul Ball, location: 2F 1-1: Ball 2-1: Ball 3-1: Called Strike 3-2: Foul Ball, location: 2F 3-2: Grounds into double play, 6-4-3 (Groundball, 56, EV 100.6 MPH)
|
| Bottom of the 1st over - 2 runs, 2 hits, 1 error, 0 left on base; Missoula 0 - Kingsport 2 |
| TOP OF THE 2ND |
|
Missoula Osprey batting - Pitching for Kingsport Mets : RHP John Mason
|
|
Batting: SHB Blaine Peters
|
0-0: Called Strike 0-1: Ball 1-1: Foul Ball, location: 2F 1-2: Ball 2-2: Ball 3-2: Foul Ball, location: 2F 3-2: Strikes out looking
|
|
Batting: LHB Enrique Ponce
|
0-0: Ball 1-0: Foul Ball, location: 2F 1-1: Ball 2-1: Ball 3-1: Called Strike 3-2: Strikes out looking
|
|
Batting: RHB Antonio Luisa
|
0-0: Hit by Pitch
|
|
Batting: LHB Jeff Harmon
|
0-0: Ball Antonio Luisa is caught stealing 2nd base 2-6
|
| Top of the 2nd over - 0 runs, 0 hits, 0 errors, 0 left on base; Missoula 0 - Kingsport 2 |
| BOTTOM OF THE 2ND |
|
Kingsport Mets batting - Pitching for Missoula Osprey : RHP Dan Thompson
|
|
Batting: RHB J.D. Brese
|
0-0: Ball 1-0: Foul Ball, location: 2F 1-1: Foul Ball, location: 2F 1-2: Strikes out looking
|
|
Batting: RHB Frank Shaw
|
0-0: Reached via error on a dropped throw from 3B, E3 (Groundball, 56S, EV 75.6 MPH)
|
|
Batting: RHB Danny Runberg
|
0-0: Foul Ball, location: 2F 0-1: Fielders Choice at 2nd, 6-4 (Groundball, 6, EV 86.2 MPH)
|
|
Batting: RHB Jack Nickleberry
|
0-0: Ball 1-0: Swinging Strike 1-1: Ball 2-1: Ball 3-1: Fielders Choice at 2nd, 5-4 (Groundball, 5, EV 85.0 MPH)
|
| Bottom of the 2nd over - 0 runs, 0 hits, 1 error, 1 left on base; Missoula 0 - Kingsport 2 |
| TOP OF THE 3RD |
|
Missoula Osprey batting - Pitching for Kingsport Mets : RHP John Mason
|
|
Batting: LHB Jeff Harmon
|
0-0: Ball 1-0: Ground out 4-3 (Groundball, 4, EV 110.6 MPH)
|
|
Batting: SHB Lee Dillon
|
0-0: Called Strike 0-1: Ball 1-1: Foul Ball, location: 2F 1-2: Ball 2-2: Ball 3-2: Base on Balls
|
|
Batting: LHB Tae-geun Kwang
|
0-0: Called Strike 0-1: Ball 1-1: Hit by Pitch Lee Dillon to second
|
|
Batting: SHB Roger Holmes
|
0-0: Called Strike 0-1: Ball 1-1: Foul Ball, location: 2F 1-2: TRIPLE (Line Drive, 78XD, EV 103.8 MPH) Lee Dillon scores Tae-geun Kwang scores
|
|
Batting: RHB Ernesto Zamora
|
0-0: Swinging Strike 0-1: Fly out, F8 (Flyball, 8LM, EV 86.2 MPH)
|
|
Batting: SHB Evan Armagost
|
0-0: Foul Ball, location: 2F 0-1: Ball 1-1: Ground out 4-3 (Groundball, 4, EV 91.9 MPH)
|
| Top of the 3rd over - 2 runs, 1 hit, 0 errors, 1 left on base; Missoula 2 - Kingsport 2 |
| BOTTOM OF THE 3RD |
|
Kingsport Mets batting - Pitching for Missoula Osprey : RHP Dan Thompson
|
|
Batting: RHB Josh Jones
|
0-0: Foul Ball, location: 2F 0-1: SINGLE (Groundball, 4D, EV 96.9 MPH)
|
|
Batting: SHB Callum Lynch
|
0-0: Called Strike 0-1: Ball Wild Pitch! Josh Jones to second 1-1: Called Strike 1-2: Foul Ball, location: 2F 1-2: Foul Ball, location: 2F 1-2: Ball 2-2: Ball 3-2: SINGLE (Groundball, 6M, EV 100.0 MPH) (infield hit) Josh Jones to third
|
|
Batting: SHB Jason Evans
|
0-0: Swinging Strike 0-1: Ball 1-1: Swinging Strike 1-2: Ball 2-2: Foul Ball, location: 2F 2-2: Strikes out looking
|
|
Batting: RHB Coltin Nellis
|
0-0: Fly out, F7 (Flyball, 78S, EV 88.8 MPH)
|
|
Batting: RHB Jerry Burch
|
0-0: Called Strike 0-1: Called Strike 0-2: Fielders Choice at 2nd, 6-4 (Groundball, 6, EV 88.8 MPH)
|
| Bottom of the 3rd over - 0 runs, 2 hits, 0 errors, 2 left on base; Missoula 2 - Kingsport 2 |
| TOP OF THE 4TH |
|
Missoula Osprey batting - Pitching for Kingsport Mets : RHP John Mason
|
|
Batting: SHB Blaine Peters
|
0-0: Ground out U3 (Groundball, 3S, EV 70.0 MPH)
|
|
Batting: LHB Enrique Ponce
|
0-0: Called Strike 0-1: Ball 1-1: Called Strike 1-2: SOLO HOME RUN (Line Drive, 9LD, EV 96.2 MPH), Distance : 339 ft
|
|
Batting: RHB Antonio Luisa
|
0-0: Called Strike 0-1: Ground out 4-3 (Groundball, 4, EV 88.8 MPH)
|
|
Batting: LHB Jeff Harmon
|
0-0: Swinging Strike 0-1: Called Strike 0-2: Strikes out looking
|
| Top of the 4th over - 1 run, 1 hit, 0 errors, 0 left on base; Missoula 3 - Kingsport 2 |
| BOTTOM OF THE 4TH |
|
Kingsport Mets batting - Pitching for Missoula Osprey : RHP Dan Thompson
|
|
Batting: RHB J.D. Brese
|
0-0: Ball 1-0: SINGLE (Groundball, 6MD, EV 101.2 MPH)
|
|
Batting: RHB Frank Shaw
|
0-0: Ball 1-0: Foul Ball, location: 2F 1-1: Fly out, F8 (Flyball, 8LS, EV 86.9 MPH)
|
|
Batting: RHB Danny Runberg
|
0-0: 2-RUN HOME RUN (Flyball, 8LXD, EV 115.6 MPH), Distance : 448 ft
|
|
Batting: RHB Jack Nickleberry
|
0-0: Swinging Strike 0-1: Ball 1-1: Ball 2-1: Ball 3-1: Called Strike 3-2: Foul Ball, location: 2F 3-2: Strikes out swinging
|
|
Batting: RHB Josh Jones
|
0-0: Ball 1-0: Foul Ball, location: 2F 1-1: Called Strike 1-2: Strikes out looking
|
| Bottom of the 4th over - 2 runs, 2 hits, 0 errors, 0 left on base; Missoula 3 - Kingsport 4 |
| TOP OF THE 5TH |
|
Missoula Osprey batting - Pitching for Kingsport Mets : RHP John Mason
|
|
Batting: SHB Lee Dillon
|
0-0: Called Strike 0-1: Foul Ball, location: 2F 0-2: Ball 1-2: Foul Ball, location: 2F 1-2: Ball 2-2: Ball 3-2: Fly out, F8 (Line Drive, 8LM, EV 91.2 MPH)
|
|
Batting: LHB Tae-geun Kwang
|
0-0: Called Strike 0-1: SINGLE (Flyball, 8LS, EV 99.4 MPH)
|
|
Batting: SHB Roger Holmes
|
0-0: Ball 1-0: Called Strike 1-1: Ball 2-1: Ball 3-1: 2-RUN HOME RUN (Flyball, 9LD, EV 93.8 MPH), Distance : 352 ft
|
|
Batting: RHB Ernesto Zamora
|
0-0: Ground out 3-1 (Groundball, 13, EV 93.1 MPH)
|
|
Batting: SHB Evan Armagost
|
0-0: Foul Ball, location: 2F 0-1: Ball 1-1: Ball 2-1: Ball 3-1: Foul Ball, location: 2F 3-2: Foul Ball, location: 2F 3-2: Strikes out swinging
|
| Top of the 5th over - 2 runs, 2 hits, 0 errors, 0 left on base; Missoula 5 - Kingsport 4 |
| BOTTOM OF THE 5TH |
|
Kingsport Mets batting - Pitching for Missoula Osprey : RHP Dan Thompson
|
|
Batting: SHB Callum Lynch
|
0-0: Ball 1-0: Ball 2-0: Ball 3-0: Called Strike 3-1: Ground out 6-3 (Groundball, 56, EV 82.5 MPH)
|
|
Batting: SHB Jason Evans
|
0-0: Called Strike 0-1: Ball 1-1: Ground out 3-1 (Groundball, 34, EV 104.4 MPH)
|
|
Batting: RHB Coltin Nellis
|
0-0: Hit by Pitch
|
|
Batting: RHB Jerry Burch
|
0-0: Foul Ball, location: 2F 0-1: Foul Ball, location: 2F 0-2: SINGLE (Groundball, 34D, EV 95.0 MPH) Coltin Nellis to second Runner from 2nd tries for 3rd, SAFE, throw by RF made to third
|
|
Batting: RHB J.D. Brese
|
0-0: Fly out, F9 (Flyball, 9LS, EV 89.4 MPH)
|
| Bottom of the 5th over - 0 runs, 1 hit, 0 errors, 2 left on base; Missoula 5 - Kingsport 4 |
| TOP OF THE 6TH |
|
Missoula Osprey batting - Pitching for Kingsport Mets : RHP John Mason
|
|
Batting: SHB Blaine Peters
|
0-0: Called Strike 0-1: Called Strike 0-2: Ball 1-2: Fly out, F8 (Line Drive, 8LD, EV 92.5 MPH)
|
|
Batting: LHB Enrique Ponce
|
0-0: Ball 1-0: Swinging Strike 1-1: Ball 2-1: Foul Ball, location: 2F 2-2: SINGLE (Line Drive, 7S, EV 85.0 MPH)
|
|
Batting: RHB Antonio Luisa
|
0-0: Ball 1-0: Fly out, F7 (Flyball, 78M, EV 91.9 MPH)
|
|
Batting: LHB Jeff Harmon
|
0-0: Called Strike Enrique Ponce steals 2nd base 0-1: Ball 1-1: Foul Ball, location: 2F 1-2: Ground out 6-3 (Groundball, 6, EV 81.9 MPH)
|
| Top of the 6th over - 0 runs, 1 hit, 0 errors, 1 left on base; Missoula 5 - Kingsport 4 |
| BOTTOM OF THE 6TH |
|
Kingsport Mets batting - Pitching for Missoula Osprey : RHP Dan Thompson
|
|
Batting: RHB Frank Shaw
|
0-0: Ball 1-0: Fly out, F7 (Flyball, 78M, EV 93.1 MPH)
|
|
Batting: RHB Danny Runberg
|
0-0: Ball 1-0: Hit by Pitch
|
|
Batting: RHB Jack Nickleberry
|
0-0: Ball 1-0: Called Strike 1-1: Fly out, F8 (Flyball, 8LD, EV 96.9 MPH)
|
|
Batting: RHB Josh Jones
|
0-0: Ball Wild Pitch! Danny Runberg to second 1-0: SINGLE (Groundball, 6MD, EV 104.4 MPH) Danny Runberg to third Runner from 3rd tries for Home, throw by CF and OUT! 8-2
|
| Bottom of the 6th over - 0 runs, 1 hit, 0 errors, 1 left on base; Missoula 5 - Kingsport 4 |
| TOP OF THE 7TH |
|
Missoula Osprey batting - Pitching for Kingsport Mets : RHP John Mason
|
|
Batting: SHB Lee Dillon
|
0-0: Called Strike 0-1: Foul Ball, location: 2F 0-2: Ball 1-2: Strikes out looking
|
|
Batting: LHB Tae-geun Kwang
|
0-0: Single, Error in OF, E7, batter to second base (Groundball, 56D, EV 103.1 MPH)
|
|
Batting: SHB Roger Holmes
|
0-0: Intentional Walk
|
|
Batting: RHB Ernesto Zamora
|
0-0: Ball 1-0: Ball 2-0: Fly out, F7 (Line Drive, 7D, EV 91.2 MPH) Runner from 2nd tags up, SAFE at 3rd, no throw by LF
|
|
Batting: SHB Evan Armagost
|
0-0: Swinging Strike 0-1: Ball 1-1: Ball 2-1: Ball 3-1: Called Strike 3-2: Foul Ball, location: 2F 3-2: Foul Ball, location: 2F 3-2: Foul Ball, location: 2F 3-2: Fly out, F9 (Flyball, 9D, EV 98.8 MPH)
|
| Top of the 7th over - 0 runs, 1 hit, 1 error, 2 left on base; Missoula 5 - Kingsport 4 |
| BOTTOM OF THE 7TH |
|
Kingsport Mets batting - Pitching for Missoula Osprey : RHP Dan Thompson
|
|
Batting: SHB Callum Lynch
|
0-0: Foul Ball, location: 2F 0-1: Ball 1-1: Ball 2-1: Ball 3-1: Base on Balls
|
|
Pitching: LHP Heath Henderson
|
|
|
Batting: SHB Jason Evans
|
0-0: Ball 1-0: Ball Wild Pitch! Callum Lynch to second 2-0: Ground out 5-3 (Groundball, 56, EV 75.6 MPH)
|
|
Batting: RHB Coltin Nellis
|
0-0: Called Strike 0-1: Called Strike 0-2: Strikes out looking
|
|
Batting: RHB Jerry Burch
|
0-0: Ball 1-0: Ball 2-0: Ball 3-0: Base on Balls
|
|
Batting: RHB J.D. Brese
|
0-0: Foul Ball, location: 2F 0-1: Called Strike 0-2: 3-RUN HOME RUN (Flyball, 7D, EV 96.9 MPH), Distance : 375 ft
|
|
Batting: RHB Frank Shaw
|
0-0: SINGLE (Popup, 34D, EV 46.2 MPH)
|
|
Batting: RHB Danny Runberg
|
0-0: Ball 1-0: Called Strike 1-1: Foul Ball, location: 2F 1-2: Ball 2-2: Ball 3-2: Base on Balls Frank Shaw to second
|
|
Pitching: RHP Rick Foster
|
|
|
Batting: RHB Jack Nickleberry
|
0-0: Ball 1-0: Ball 2-0: Foul Ball, location: 2F 2-1: SINGLE (Groundball, 56D, EV 106.9 MPH) Frank Shaw to third Danny Runberg to second Runner from 3rd tries for Home, SAFE, throw by LF to home
|
|
Batting: RHB Josh Jones
|
0-0: Foul Ball, location: 2F 0-1: SINGLE (Flyball, 5D, EV 94.4 MPH) Danny Runberg to third Jack Nickleberry to second
|
|
Batting: SHB Callum Lynch
|
0-0: Ball 1-0: Foul Ball, location: 2F 1-1: Swinging Strike 1-2: SINGLE (Groundball, 4MD, EV 99.4 MPH) Danny Runberg scores Jack Nickleberry to third Josh Jones to second Runner from 3rd tries for Home, SAFE, throw by CF to home
|
|
Batting: SHB Jason Evans
|
0-0: Called Strike Callum Lynch steals 2nd base Josh Jones steals 3rd base 0-1: SINGLE (Line Drive, 8RS, EV 92.5 MPH) Josh Jones scores Callum Lynch to third Runner from 3rd tries for Home, SAFE, throw by CF to home
|
|
Batting: RHB Coltin Nellis
|
0-0: Ball 1-0: Ball Passed Ball! Jason Evans to second 2-0: Foul Ball, location: 2F 2-1: SINGLE (Groundball, 6MS, EV 63.1 MPH) (infield hit) Jason Evans to third
|
|
Batting: RHB Jerry Burch
|
0-0: Swinging Strike 0-1: Ball 1-1: Ball 2-1: Ball 3-1: Fly out, F8 (Flyball, 8LD, EV 96.9 MPH)
|
| Bottom of the 7th over - 8 runs, 7 hits, 0 errors, 2 left on base; Missoula 5 - Kingsport 12 |
| TOP OF THE 8TH |
|
Missoula Osprey batting - Pitching for Kingsport Mets : RHP John Mason
|
|
Pitching: RHP Marvin Merino
|
|
|
Batting: SHB Blaine Peters
|
0-0: Ball 1-0: Called Strike 1-1: Foul Ball, location: 2F 1-2: Ball 2-2: Ball 3-2: Strikes out swinging
|
|
Batting: LHB Enrique Ponce
|
0-0: Ball 1-0: Foul Ball, location: 2F 1-1: Foul Ball, location: 2F 1-2: Ball 2-2: Foul Ball, location: 2F 2-2: Ground out 4-3 (Groundball, 34, EV 85.0 MPH)
|
|
Batting: RHB Antonio Luisa
|
0-0: Called Strike 0-1: Called Strike 0-2: Ball 1-2: Ground out 6-3 (Groundball, 56, EV 105.0 MPH)
|
| Top of the 8th over - 0 runs, 0 hits, 0 errors, 0 left on base; Missoula 5 - Kingsport 12 |
| BOTTOM OF THE 8TH |
|
Kingsport Mets batting - Pitching for Missoula Osprey : RHP Rick Foster
|
|
Pitching: RHP Jason Hammons
|
|
|
Batting: RHB J.D. Brese
|
0-0: Ball 1-0: Ball 2-0: Reached on error, E5 (Groundball, 5, EV 81.2 MPH)
|
|
Batting: RHB Frank Shaw
|
0-0: Called Strike 0-1: Ball 1-1: Ball 2-1: Grounds into double play, 6-4-3 (Groundball, 6, EV 81.9 MPH)
|
|
Batting: RHB Danny Runberg
|
0-0: DOUBLE (Groundball, 5L, EV 98.8 MPH)
|
|
Batting: RHB Jack Nickleberry
|
0-0: Called Strike 0-1: Fly out, F3 (Line Drive, 3, EV 70.0 MPH)
|
| Bottom of the 8th over - 0 runs, 1 hit, 1 error, 1 left on base; Missoula 5 - Kingsport 12 |
| TOP OF THE 9TH |
|
Missoula Osprey batting - Pitching for Kingsport Mets : RHP Marvin Merino
|
|
Batting: LHB Jeff Harmon
|
0-0: Foul Ball, location: 2F 0-1: Foul Ball, location: 2F 0-2: SINGLE (Groundball, 3D, EV 103.8 MPH)
|
|
Batting: SHB Lee Dillon
|
0-0: Foul Ball, location: 2F 0-1: Ball 1-1: Ball 2-1: Ball 3-1: Fielders Choice at 2nd, 5-4 (Groundball, 56, EV 104.4 MPH)
|
|
Pitching: LHP Tony Diaz
|
|
|
Pinch Hitting: RHB Steve Machol
|
0-0: Called Strike 0-1: Fielders Choice at 2nd, 4-6 (Groundball, 4M, EV 110.0 MPH)
|
|
Batting: SHB Roger Holmes
|
0-0: Ball 1-0: Ball 2-0: Ball 3-0: Called Strike 3-1: Base on Balls Steve Machol to second
|
|
Batting: RHB Ernesto Zamora
|
0-0: Ball 1-0: SINGLE (Line Drive, 78M, EV 97.5 MPH) Steve Machol to third Roger Holmes to second
|
|
Batting: SHB Evan Armagost
|
0-0: Ball 1-0: Fly out, F9 (Flyball, 9LM, EV 92.5 MPH)
|
| Top of the 9th over - 0 runs, 2 hits, 0 errors, 3 left on base; Missoula 5 - Kingsport 12 |
|